 Dungeon Crawl Stone Soup version 0.30.1-3-gfc49f6343a (webtiles) character file.

Game seed: 17793651991508031600

389 hahagava the Gusty (level 6, 0/45 HPs)
             Began as a Draconian Air Elementalist on June 17, 2023.
             Was an Initiate of Qazlal.
             Slain by a sleepcap (19 damage)
             ... on level 6 of the Dungeon on July 18, 2023.
             The game lasted 00:18:02 (6440 turns).

hahagava the Gusty (Draconian Air Elementalist)     Turns: 6440, Time: 00:18:03

Health: 0/45       AC:  6    Str: 11    XL:     6   Next: 50%
Magic:  10/10      EV:  2    Int: 17    God:    Qazlal [......]
Gold:   593        SH:  0    Dex: 11    Spells: 1/11 levels left

rFire   . . .        g - +1 dagger (freeze)
rCold   . . .        (no shield)
rNeg    . . .        (body armour unavailable)
rPois   .            (helmet restricted)
rElec   .            (no cloak)
rCorr   .            (no gloves)
SInv    .            (no boots)
Will    .....        c - amulet of the acrobat
Stlth   ++           (no ring)
HPRegen 0.27/turn    (no ring)
MPRegen 0.12/turn

%: acrobat
@: sleeping
A: AC +6, unfitting armour, cold-blooded
a: Renounce Religion


You were on level 6 of the Dungeon.
You worshipped Qazlal.
Qazlal was noncommittal.
You visited 2 branches of the dungeon, and saw 9 of its levels.
You also visited: Ossuary.

You collected 593 gold pieces.

Inventory:

Hand Weapons
 g - a +1 dagger of freezing (weapon)
Missiles
 r - a throwing net
Armour
 t - a +0 pair of gloves
Magical Staves
 h - a staff of death
 i - a staff of fire
Jewellery
 c - an amulet of the acrobat (around neck)
Scrolls
 b - a scroll of fog
 d - a scroll of teleportation
 k - a scroll of enchant armour
 m - a scroll of immolation
 o - a scroll of amnesia {unknown}
 q - 4 scrolls of identify
 s - a scroll of vulnerability {unknown}
Potions
 a - a potion of magic
 e - 4 potions of lignification
 f - 2 potions of curing
 j - 2 potions of haste
 l - a potion of mutation
 n - a potion of berserk rage {unknown}
 p - a potion of invisibility {unknown}


   Skills:
 + Level 3.2 Dodging
 - Level 1.7 Stealth
 + Level 3.2 Spellcasting
 + Level 3.0 Conjurations
 * Level 5.2 Air Magic


You had one spell level left.
You knew the following spells:

 Your Spells              Type           Power      Damage    Failure   Level
a - Shock                 Conj/Air       64%        1d7       3%          1
b - Static Discharge      Conj/Air       32%        2-4/arc   4%          2
c - Swiftness             Air            20%        N/A       6%          3
d - Airstrike             Air            10%        2d(2-18)  21%         4

Your spell library contained the following spells:

 Spells                   Type           Power      Damage    Failure   Level
 Magic Dart               Conj           52%        1d5       4%          1
 Searing Ray              Conj           26%        2d5       8%          2
 Fulminant Prism          Conj/Hex       3%         3d5       65%         4
 Conjure Ball Lightning   Conj/Air       8%         3x3d6     99%         6
 Discord                  Hex            1%         N/A       100%        8
 Disjunction              Tloc           1%         N/A       100%        8


Dungeon Overview and Level Annotations

Branches:
Dungeon (8/15)             Temple (1/1) D:4         Ossuary (visited)
   Lair: D:8-11

Altars:
Cheibriados
Elyvilon
Hepliaklqana
Kikubaaqudgha
Nemelex Xobeh
Okawaru
Qazlal
Ru
Sif Muna
Uskayaw
Vehumet
Wu Jian
Xom
Yredelemnul
Zin

Shops:
D:1 [   D:3 *


Innate Abilities, Weirdness & Mutations

Your plain brown scales are hard. (AC +6)
You cannot fit into any form of body armour.
You are cold-blooded and may be slowed by cold attacks.


Message History

The sleepcap closely misses you.
You hit the sleepcap but do no damage.
The sleepcap is moderately damaged.
The sleepcap releases spores at you.
You are engulfed in a cloud of soporific spores!
You are unaffected.
You hit the sleepcap. You freeze the sleepcap.
The sleepcap is heavily damaged.
The sleepcap closely misses you.
You hit the sleepcap but do no damage.
You tail-slap the sleepcap, but do no damage.
The sleepcap is heavily damaged.
The sleepcap releases spores at you but does no damage.
You hit the sleepcap. You freeze the sleepcap.
The sleepcap is heavily damaged.
The sleepcap releases spores at you but does no damage.
You hit the sleepcap but do no damage. You tail-slap the sleepcap.
The sleepcap is severely damaged.
The sleepcap misses you.
You hit the sleepcap. You freeze the sleepcap.
The sleepcap is severely damaged.
The sleepcap releases spores at you but does no damage.
You hit the sleepcap but do no damage.
The sleepcap is severely damaged.
The sleepcap closely misses you.
You hit the sleepcap but do no damage.
The sleepcap is severely damaged.
The sleepcap closely misses you.
You hit the sleepcap but do no damage.
You tail-slap the sleepcap, but do no damage.
You punch the sleepcap, but do no damage.
The sleepcap is severely damaged.
The sleepcap releases spores at you!
You hit the sleepcap but do no damage. You tail-slap the sleepcap.
The sleepcap is almost destroyed.
The sleepcap releases spores at you.
You are engulfed in a cloud of soporific spores!
You fall asleep.
The sleepcap releases spores at you!!
You die...

..# ... #.# #.#
#.##..# #.#..#
###.>.# # #....##
..###.#.##
#.......#
###....@######.#?
#.>..f.........
###.#..........
#.#..#.......
#.##......... #.
..#.......
...!.......
#.#.........
#.##........


You could see a sleepcap.

Vanquished Creatures
  A bullfrog (D:7)
  A hound (D:4)
  8 mummies (Ossuary)
  4 gnolls (D:4)
  3 adders
  2 ufetubi
  3 worms (D:2)
  3 dart slugs
  5 orcs
  9 endoplasms
  3 giant cockroaches
  2 gnoll zombies (Ossuary)
  13 goblins
  15 hobgoblins
  2 jackals (D:3)
  3 ball pythons
  3 bats
  5 frilled lizards
  2 hobgoblin zombies (Ossuary)
  9 kobolds
  A kobold zombie (Ossuary)
  3 orc zombies (Ossuary)
  5 rats
105 creatures vanquished.

Notes
Turn   | Place    | Note
-------+----------+-------------------------------------------
     0 | D:1      | hahagava the Draconian Air Elementalist began the quest for
                  | the Orb.
     0 | D:1      | Reached XP level 1. HP: 14/14 MP: 3/3
    49 | D:1      | Upgraded the game from 0.30.0-29-ga12c61a403 to
                  | 0.30.1-3-gfc49f6343a
   225 | D:1      | Reached XP level 2. HP: 20/20 MP: 0/5
   228 | D:1      | Learned a level 2 spell: Static Discharge
   509 | D:1      | Found Agrui's Antique Armour Shoppe.
  1251 | D:2      | Reached XP level 3. HP: 26/26 MP: 0/6
  1347 | D:2      | Learned a level 3 spell: Swiftness
  2291 | D:2      | Reached XP level 4. HP: 33/33 MP: 4/7
  2695 | D:3      | Reached skill level 4 in Air Magic
  2778 | D:3      | Found Fiwuez's General Store.
  3884 | D:4      | Reached XP level 5. HP: 23/38 MP: 4/9
  3937 | D:4      | Found a sand-covered staircase.
  3942 | Ossuary  | Entered an ossuary
  4680 | D:4      | Learned a level 4 spell: Airstrike
  4790 | D:4      | Found a staircase to the Ecumenical Temple.
  4918 | D:4      | Reached XP level 6. HP: 39/45 MP: 1/10
  4945 | D:4      | Reached skill level 5 in Air Magic
  5097 | Temple   | Entered the Ecumenical Temple
  5308 | Temple   | Became a worshipper of Qazlal Stormbringer
  5997 | D:5      | Entered Level 5 of the Dungeon
  6004 | D:5      | You fall into a shaft and drop 3 floors!
  6007 | D:8      | Found a radiant altar of Vehumet.
  6053 | D:8      | Noticed an acid dragon
  6190 | D:7      | Noticed a sky beast
  6221 | D:7      | Noticed an ice beast
  6440 | D:6      | Slain by a sleepcap

Illustrated notes

Levels and vault maps discovered:
D:1:      dpeg_arrival_round_c, layout_loops_ring, serial_shops,
          nicolae_lakefront_shop, serial_forest, infiniplex_forest_straight_2,
          infiniplex_forest_side_room, infiniplex_forest_corner_2,
          infiniplex_forest_straight_5, infiniplex_forest_lined_4_way,
          infiniplex_forest_lined_3_way
D:2:      layout_basic
D:3:      cheibrodos_greedy_goblins, layout_basic, serial_shops,
          nicolae_shop_stone
D:4:      layout_basic, minmay_temple_entry_overgrown,
          nicolae_ossuary_entry_plus
D:5:      layout_cave_pools, nicolae_overflow_squiral, uniq_ijyb, uniq_sigmund,
          uniq_grinder
D:6:      layout_rooms, amethyst_overflow_temple_binary,
          gammafunk_ghost_gnarly_gnolls, uniq_crazy_yiuf_cottage
D:7:      layout_basic, lemuel_tele_altar, serial_shops,
          nicolae_shop_waterfront, enter_bailey_5
D:8:      layout_basic, overflow_temple_1_default, uniq_joseph
Temple:   jpeg_temple_clearing

Skill      XL: |  1  2  3  4  5  6 |
---------------+-------------------+-----
Dodging        | 2 3 |  3.2
Air Magic      | 4 5 |  5.2
Conjurations   | 2 3 |  3.0
Spellcasting   | 3 |  3.2
Stealth        | |  1.7

Action                     |  1- 3 |  4- 6 || total
---------------------------+-------+-------++-------
  Melee: Unarmed           |    12 |       ||    12
         Tailslap          |     7 |    15 ||    22
         Staff             |    14 |     9 ||    23
         Dagger            |       |    76 ||    76
         Punch             |       |     2 ||     2
   Cast: Shock             |    98 |    94 ||   192
         Static Discharge  |     4 |    16 ||    20
         Airstrike         |       |     4 ||     4
    Use: Scroll            |       |    19 ||    19
         Potion            |       |     6 ||     6
 Armour: Skin              |     5 |    64 ||    69
  Dodge: Dodged            |    20 |    79 ||    99
